 Dungeon Crawl Stone Soup version 0.26-b1-32-g5d43845318 (webtiles) character file.

Game seed: 335247422388832071

2886 Borgoz the Basher (level 9, -2/84 HPs)
             Began as a Gargoyle Berserker on Jan 11, 2021.
             Was a High Priest of Trog.
             Slain by a cyclops (24 damage)
             ... on level 7 of the Dungeon.
             The game lasted 00:07:57 (7366 turns).

Borgoz the Basher (Gargoyle Berserker)              Turns: 7366, Time: 00:07:58

Health: -2/84      AC: 11    Str: 21    XL:     9   Next: 77%
Magic:  0/9        EV: 15    Int:  8    God:    Trog [*****.]
Gold:   470        SH:  0    Dex: 12    Spells: 8/8 levels left

rFire    . . .     SeeInvis .   a - +3 flail
rCold    . . .     Faith    .   (no shield)
rNeg     + . .     Spirit   +   b - +0 animal skin
rPois    ∞         Reflect  .   (no helmet)
rElec    +         Harm     .   w - +1 cloak {Stlth+}
rCorr    .         Rampage  .   (no gloves)
Will     ++...                  (no boots)
Stlth    ..........             t - amulet of guardian spirit
HPRegen  1.24/turn              (no ring)
MPRegen  0.11/turn              (no ring)

@: berserking, regenerating (expiring), very quick
A: negative energy resistance 1, electricity resistance, unbreathing,
petrification resistance, miasma immunity, AC +6
a: Renounce Religion, Berserk, Trog's Hand, Brothers in Arms


You were on level 7 of the Dungeon.
You worshipped Trog.
Trog was extremely pleased with you.
You visited 1 branch of the dungeon, and saw 7 of its levels.

You collected 505 gold pieces.
You spent 35 gold pieces at shops.

Inventory:

Hand Weapons
 a - a +3 flail (weapon)
Missiles
 m - 2 throwing nets
Armour
 b - a +0 animal skin (worn)
 w - a +1 cloak of stealth (worn)
Jewellery
 f - an uncursed ring of fire
 t - an amulet of guardian spirit (around neck)
 x - an uncursed amulet of reflection
Wands
 v - a wand of digging (6)
 D - a wand of disintegration (13)
Scrolls
 e - 2 scrolls of remove curse {unknown}
 g - 4 scrolls of teleportation
 i - a scroll of amnesia {unknown}
 n - 2 scrolls of identify {unknown}
 y - 2 scrolls of enchant weapon {unknown}
 A - 2 scrolls of magic mapping
 B - a scroll of blinking {unknown}
Potions
 c - a potion of might {unknown}
 d - a potion of brilliance {unknown}
 h - a potion of curing {unknown}
 j - 2 potions of cancellation {unknown}
 k - 2 potions of degeneration {unknown}
 l - 2 potions of flight
 o - a potion of ambrosia
 p - a potion of attraction {unknown}
 q - a potion of invisibility {unknown}
 r - a potion of berserk rage {unknown}
 s - a potion of lignification {unknown}
 u - a potion of haste {unknown}
 C - 2 potions of heal wounds {unknown}


   Skills:
 + Level 6.7 Fighting
 * Level 8.2 Maces & Flails
 + Level 6.1 Armour
 * Level 6.6 Dodging


You had 8 spell levels left.
You didn't know any spells.
Your spell library was empty.

Dungeon Overview and Level Annotations

Branches:
Dungeon (7/15)             Temple (0/1) D:4

Altars:
Makhleb
The Shining One

Shops:
D:5 *


Innate Abilities, Weirdness & Mutations

You are resistant to torment.
Your stone body is resilient. (AC +6)
You are immune to poison.
You resist negative energy. (rN+)
You are resistant to electric shocks. (rElec)
You can survive without breathing.
You are immune to petrification.
You are immune to miasma.


Message History

You destroy the quokka zombie!
Trog accepts your kill.
You hit the jelly.
Your hands burn!
The jelly is lightly wounded.
The jelly closely misses you.
You sock the jelly!
You kill the jelly!
Trog accepts your kill.
The cyclops throws a large rock.
The large rock hits you!
* * * LOW HITPOINT WARNING * * *
You feel the effects of Trog's Hand fading.
The cyclops closely misses you.
Items here: ( ) [ †.
A red film seems to cover your vision as you go berserk!
You feel yourself moving faster!
You feel mighty!
A fire dragon comes into view.
You sock the cyclops!
The cyclops is lightly wounded.
The cyclops hits you!!
You die...

##.....##)#...#
#.##)##.###..###
###.#.#.###...###
#.###.###.##.###.
##.........##.##.#
#'#########'##'##'
#.##.........##.##
#(##.#.#.#.#.##.##
#@###.......##...#
#.C.##.#.#.#.##.#.#
#.###D##...†.##.)...
## ###.#.#.##.###.
##...##......
#.#.##.#####
##.##.......
#.##.###### ##..##


You could see a fire dragon and a cyclops.

Vanquished Creatures
  A water moccasin (D:7)
  3 orc warriors
  3 ice beasts
  A phantom (D:5)
  A black bear (D:7)
  A sky beast (D:5)
  3 ogres
  3 centaurs (D:5)
  A bullfrog (D:7)
  3 scorpions (D:7)
  A water moccasin skeleton (D:7)
  6 killer bees (D:6)
  Crazy Yiuf (D:3)
  A bullfrog zombie (D:7)
  An orc priest (D:4)
  A centaur skeleton (D:4)
  2 hounds (D:4)
  3 jellies
  7 orc wizards
  2 bullfrog skeletons (D:5)
  Jessica (D:3)
  A worker ant (D:7)
  A hound zombie (D:5)
  2 hound skeletons
  A worker ant zombie (D:6)
  5 gnolls (D:7)
  14 adders
  2 oozes (D:2)
  An adder zombie (D:6)
  An adder skeleton (D:4)
  3 worms
  3 dart slugs
  4 leopard geckos
  9 orcs
  8 bats
  6 giant cockroaches
  11 goblins
  8 hobgoblins
  14 jackals
  A quokka (D:2)
  A ball python skeleton (D:5)
  10 frilled lizards
  A giant cockroach zombie (D:6)
  A jackal skeleton (D:6)
  8 kobolds
  2 quokka zombies
  6 rats (D:1)
170 creatures vanquished.

Vanquished Creatures (others)
  A withered plant (D:6)
1 creature vanquished.

Grand Total: 171 creatures vanquished

Notes
Turn   | Place    | Note
-------+----------+-------------------------------------------
     0 | D:1      | Borgoz the Gargoyle Berserker began the quest for the Orb.
     0 | D:1      | Reached XP level 1. HP: 14/14 MP: 1/1
    48 | D:1      | Reached XP level 2. HP: 19/19 MP: 2/2
   284 | D:1      | Reached XP level 3. HP: 23/23 MP: 3/3
   369 | D:1      | Reached ** piety under Trog
   740 | D:2      | Reached XP level 4. HP: 19/29 MP: 4/4
  1421 | D:2      | Reached XP level 5. HP: 33/33 MP: 5/5
  1512 | D:2      | Reached *** piety under Trog
  1521 | D:2      | Reached skill level 4 in Maces & Flails
  2394 | D:3      | Noticed Jessica
  2402 | D:3      | Killed Jessica
  2459 | D:3      | Found a runed translucent door.
  2460 | D:3      | Noticed Crazy Yiuf
  3055 | D:3      | Killed Crazy Yiuf
  3056 | D:3      | Reached XP level 6. HP: 38/38 MP: 6/6
  3342 | D:4      | Noticed an orc warrior
  3354 | D:4      | Killed an orc warrior
  3366 | D:4      | Reached XP level 7. HP: 43/44 MP: 4/7
  3371 | D:4      | Reached skill level 5 in Maces & Flails
  3675 | D:4      | Found a staircase to the Ecumenical Temple.
  3877 | D:4      | Reached **** piety under Trog
  4171 | D:5      | Entered Level 5 of the Dungeon
  4286 | D:5      | Found Cuggos's General Store.
  4289 | D:5      | Bought a scroll of magic mapping for 35 gold pieces
  4473 | D:5      | Reached skill level 5 in Fighting
  4546 | D:5      | Reached XP level 8. HP: 36/49 MP: 5/8
  4793 | D:5      | Reached skill level 6 in Maces & Flails
  4923 | D:5      | Reached skill level 5 in Dodging
  5143 | D:5      | Reached skill level 5 in Armour
  5323 | D:5      | Found a burning altar of Makhleb.
  5323 | D:5      | Noticed a blizzard demon
  5535 | D:6      | Found a glowing golden altar of the Shining One.
  5994 | D:6      | Reached skill level 7 in Maces & Flails
  5994 | D:6      | Reached XP level 9. HP: 31/55 MP: 4/9
  6236 | D:6      | Reached ***** piety under Trog
  6506 | D:7      | Found a burning altar of Makhleb.
  7123 | D:7      | Reached skill level 8 in Maces & Flails
  7336 | D:7      | Noticed a cyclops
  7365 | D:7      | Noticed a fire dragon
  7366 | D:7      | Slain by a cyclops

Illustrated notes

Levels and vault maps discovered:
D:1:      scummos_arrival_hexagon, layout_rooms
D:2:      layout_basic
D:3:      layout_loops_ring, uniq_jessica, uniq_crazy_yiuf_cottage
D:4:      layout_loops_corners, minmay_temple_entry_proselytizer
D:5:      layout_cave_pools, makhleb_altar_promises_db, serial_shops,
          nicolae_shop_window_shopping
D:6:      layout_loops_corners, basic_altar, serial_undead, serial_undead_d,
          serial_undead_f, serial_undead_c, serial_undead_c
D:7:      minmay_the_grid_triangle_9x9_rhombus_full
          [minmay_the_grid_triangle_9x9_semitri,
          minmay_the_grid_triangle_9x9_steps,
          minmay_the_grid_triangle_9x9_thin_v,
          minmay_the_grid_triangle_9x9_minimal,
          minmay_the_grid_triangle_9x9_swiss_cheese,
          minmay_the_grid_triangle_9x9_warning,
          minmay_the_grid_triangle_9x9_sparse_checkered,
          minmay_the_grid_triangle_9x9_prize_special], layout_basic,
          dk_noncrumbling_3, lemuel_statue_altar

Skill      XL: |  1  2  3  4  5  6  7  8  9 |
---------------+----------------------------+-----
Dodging        | 2 3 4 5 6 |  6.6
Maces & Flails | 4 5 7 8 |  8.2
Armour         | 3 4 5 6 |  6.1
Fighting       | 4 5 6 |  6.7

Action                   |  1- 3 |  4- 6 |  7- 9 || total
-------------------------+-------+-------+-------++-------
Melee: Mace              |    92 |   226 |    21 ||   339
       Flail             |       |       |   401 ||   401
Invok: Berserk           |     3 |     2 |     6 ||    11
       Trog's Hand       |       |       |     2 ||     2
  Use: Scroll            |       |     1 |       ||     1
       Potion            |       |       |     3 ||     3
 Stab: Sleeping          |       |     1 |     1 ||     2
Armor: Animal skin       |    44 |   121 |   175 ||   340
Dodge: Dodged            |    98 |   213 |   350 ||   661
